AoeStats
← [NICE_ASS] BigMasi

MegaRandom

506353281Analyzed
1v1 RM · 19d ago on Sep 13, 2026· 40m 30s· 2 players
Game mode
Random Map
Map size
Tiny (2 player)
Population
200
Speed
Normal
Resources
Standard
Victory
Conquest
Starting age
Dark Age
Ending age
Imperial Age
RankedLock teamsTeams togetherTeam positionsShared explorationLock speedFull tech treeHidden civsTurbo modeCheats
Victory
Defeat
🇨🇭 Franks · Switzerland
1193
+15
🇨🇳 Turks · China
1174
-15
fafagege
8:21 Loom
10:59 Feudal Age
12:30 Double-Bit Axe
24:32 Castle Age
23:25 Bloodlines
22:59 Horse Collar
23:24 Padded Archer Armor
23:46 Gold Mining
28:29 Wheelbarrow
28:05 Bow Saw
33:36 Leather Archer Armor
39:29 Imperial Age
40:27 Gold Shaft Mining
[NICE_ASS] BigMasi
7:44 Loom
8:19 Loom
10:30 Feudal Age
12:43 Double-Bit Axe
15:47 Castle Age
21:01 Bow Saw
22:54 Gold Mining
23:59 Scale Barding Armor
24:08 Forging
25:24 Scale Barding Armor
27:46 Wheelbarrow
32:46 Imperial Age
32:26 Chain Barding Armor
32:41 Iron Casting
33:51 Husbandry
33:32 Cavalier
35:33 Plate Barding Armor
38:57 Chemistry
37:54 Fletching
39:11 Blast Furnace
Connection lost

Rejoining the realm…

Still unreachable

The connection could not be restored.

Session expired

The server has moved on; the page needs a fresh start.